[Event "Early-Titled-Tuesday-Blitz-May-28-2024"]
[Site "Chess.com"]
[Date "2024.05.28"]
[Round "6"]
[White "Naruto75_3"]
[Black "lefonghua"]
[Result "1-0"]
[WhiteElo "2415"]
[BlackElo "2552"]
[TimeControl "180+1"]
[EndTime "9:06:44 PDT"]
[Termination "Naruto75_3 won by resignation"]

1. d4 Nf6 2. c4 c5 3. d5 e6 4. Nc3 exd5 5. cxd5 d6 6. e4 g6 7. h3 Bg7 8. Nf3 a6 9. a4 Nbd7 10. Bd3 Nh5 11. O-O Ne5 12. Nxe5 Bxe5 13. Be3 Qh4 14. Qf3 Nf4 15. Bxf4 Qxf4 16. Qxf4 Bxf4 17. Rab1 Be5 18.
Ne2 Bd7 19. b4 c4 20. Bxc4 Bxa4 21. b5 Bc2 22. Rbc1 Bxe4 23. bxa6 bxa6 24. f3 Bf5 25. g4 Bd7 26. f4 Bg7 27. Ng3 O-O 28. Ne4 a5 29.
Nxd6 a4 30. Ba2 a3 31. Rc7 Rfd8 32. Re1 Ra6 33. Nb7 Re8 34. Rxe8+ Bxe8 35. Rc8 Kf8 36. d6 Bd4+ 37. Kg2 Kg7 38. Rxe8 Rb6 39. d7 Rb2+ 40.
Kf3 Bb6 41. Re2 Rb5 42. d8=Q Bxd8 43. Nxd8 Rb6 44. Nxf7 1-0

[Event "Early-Titled-Tuesday-Blitz-May-28-2024"]
[Site "Chess.com"]
[Date "2024.05.28"]
[Round "6"]
[White "ArchibaldCerveza29"]
[Black "aljado"]
[Result "1-0"]
[WhiteElo "2355"]
[BlackElo "2156"]
[TimeControl "180+1"]
[EndTime "9:06:46 PDT"]
[Termination "ArchibaldCerveza29 won by checkmate"]

1. e4 c5 2. Nf3 e6 3. d4 cxd4 4. Nxd4 Bc5 5. Be3 Bb6 6. Nc3 Ne7 7. Be2 O-O 8. O-O a6 9. Kh1 Nbc6 10. Qd2 d5 11. Rad1 Ba5 12. exd5 Nxd5 13. Nxc6 bxc6 14. Bd4 Qh4 15. g3 Qh3 16. Bf3 Bb7 17. Qe2 Rad8 18. Ne4 Bc7 19. c3 a5 20. Nc5 Ba8 21. Rfe1 Bd6 22.
Ne4 Bc7 23. c4 Ne7 24. Be3 Nf5 25. Bg4 Rxd1 26. Rxd1 Nxe3 27. Bxh3 Nxd1 28. Qxd1 f5 29. Nc5 Rd8 30. Qe2 Bb6 31. Qxe6+ Kh8 32. Qxf5 g6 33.
Qf6+ Kg8 34. Be6# 1-0

[Event "Early-Titled-Tuesday-Blitz-May-28-2024"]
[Site "Chess.com"]
[Date "2024.05.28"]
[Round "6"]
[White "jraosam"]
[Black "luggevoila"]
[Result "0-1"]
[WhiteElo "2106"]
[BlackElo "2337"]
[TimeControl "180+1"]
[EndTime "9:06:46 PDT"]
[Termination "luggevoila won on time"]

1. e4 c5 2. Nc3 e6 3. g3 Nc6 4.
Bg2 Nf6 5. d3 d5 6. exd5 exd5 7.
Nge2 Be7 8. O-O h6 9. Nf4 d4 10. Ncd5 O-O 11. Nxe7+ Qxe7 12. Re1 Qd6 13. Nh5 Nd5 14.
Qf3 Be6 15. a3 Rfe8 16. Bd2 Ne5 17. Qe4 Nc6 18. Qh4 Bd7 19. Bxd5 Qxd5 20. Bxh6 Ne5 21. Rxe5 Rxe5 22. Nxg7 Bc6 23. f3 Qxf3 0-1

[Event "Early-Titled-Tuesday-Blitz-May-28-2024"]
[Site "Chess.com"]
[Date "2024.05.28"]
[Round "6"]
[White "DonPreuss"]
[Black "Viktoker"]
[Result "1-0"]
[WhiteElo "2286"]
[BlackElo "2372"]
[TimeControl "180+1"]
[EndTime "9:06:47 PDT"]
[Termination "DonPreuss won on time"]

1. d4 f5 2. e4 fxe4 3. Nc3 Nf6 4.
Bg5 g6 5. f3 d5 6. fxe4 dxe4 7.
Bc4 Nc6 8. Nge2 Na5 9. Bb3 Nxb3 10. axb3 Bg4 11. O-O Bg7 12. Qd2 Bxe2 13. Nxe2 Qd5 14. c4 Qd7 15. d5 c5 16. Nf4 O-O 17. Ne6 Rf7 18. Qf2 b6 19. Qh4 Qd6 20. Bf4 Qd7 21. Be5 a5 22. Rae1 a4 23. bxa4 Qxa4 24. Nxg7 Kxg7 25. Rxe4 Qc2 26. Ref4 Raf8 27. h3 Qe2 28. Bc3 Qc2 29. Qg5 h6 30. Qe5 g5 31. Rf5 Kg6 32.
d6 Kg7 33. dxe7 1-0

[Event "Early-Titled-Tuesday-Blitz-May-28-2024"]
[Site "Chess.com"]
[Date "2024.05.28"]
[Round "6"]
[White "Gumugama"]
[Black "campochess"]
[Result "0-1"]
[WhiteElo "2300"]
[BlackElo "2132"]
[TimeControl "180+1"]
[EndTime "9:06:47 PDT"]
[Termination "campochess won on time"]

1. e4 c5 2. Nf3 Nc6 3. d4 cxd4 4. Nxd4 e5 5. Nb5 a6 6. Nd6+ Bxd6 7. Qxd6 Qe7 8. Qd1 Nf6 9. Nc3 d6 10. Bg5 Be6 11.
Nd5 Bxd5 12. exd5 Nb8 13. Be2 Nbd7 14. O-O h6 15. Be3 Rc8 16. c4 O-O 17. b4 Ne4 18.
Qd3 f5 19. f4 Nef6 20. Rac1 e4 21. Qd4 Kh7 22. c5 Nb8 23. a4 Rfd8 24. c6 bxc6 25.
dxc6 Nxc6 26. Qb6 Nd5 27. Qxa6 Nxe3 28. Rxc6 Rxc6 29. Qxc6 Nxf1 30. Bxf1 Qa7+ 31. Kh1 Qf2 32. Qc4 Rc8 33. Qe2 Qd4 34. Qb5 Qf6 35. a5 Rc1 36. h3 e3 37. a6 Qd4 38. Qxf5+ Kh8 39. Qf8+ Kh7 40. Qf5+ Kg8 41. Qe6+ Kf8 42. Qf5+ Ke7 43. Qb5 Qd1 44. Qb7+ Kf6 0-1

[Event "Early-Titled-Tuesday-Blitz-May-28-2024"]
[Site "Chess.com"]
[Date "2024.05.28"]
[Round "6"]
[White "Irina_Mikhaylova"]
[Black "GMAneta"]
[Result "1/2-1/2"]
[WhiteElo "2347"]
[BlackElo "2527"]
[TimeControl "180+1"]
[EndTime "9:06:49 PDT"]
[Termination "Game drawn by repetition"]

1. d4 d5 2. Nf3 Nf6 3. c4 c6 4. cxd5 cxd5 5. Nc3 Nc6 6. Bf4 a6 7.
Rc1 Bf5 8. e3 e6 9. Bd3 Bxd3 10.
Qxd3 Bb4 11. O-O O-O 12. Na4 Ne4 13. a3 Be7 14. b4 Rc8 15. Nc5 Bxc5 16. bxc5 Qa5 17.
Rb1 Nd8 18. Rb6 Rc6 19. Rb4 b5 20. Ne5 Rc8 21. Nd7 Re8 22. Nb6 Rxc5 23. dxc5 Nxc5 24.
Qc3 Qxb6 25. Rc1 Ndb7 26. a4 Nxa4 27. Qc7 Qxc7 28. Rxc7 Nbc5 29. Rb1 f6 30. Bd6 Ne4 31. Bb4 Ra8 32. Ba5 e5 33. h3 d4 34. exd4 exd4 35.
Rd1 Nac3 36. Bxc3 Nxc3 37. Rd3 b4 38. Kf1 Rd8 39. Rc4 a5 40. Rcxd4 Rxd4 41. Rxd4 b3 42. Rd8+ Kf7 43. Rb8 a4 44. Rb4 Ke6 45. Ke1 Kd5 46. Kd2 Ne4+ 47. Kd3 Nxf2+ 48. Ke3 Nd1+ 49. Kd2 Nb2 50.
Kc3 Nd1+ 51. Kd2 Nb2 52. Kc3 Nd1+ 53. Kd2 1/2-1/2

[Event "Early-Titled-Tuesday-Blitz-May-28-2024"]
[Site "Chess.com"]
[Date "2024.05.28"]
[Round "6"]
[White "TomLiu777"]
[Black "DishonorOnYourCow"]
[Result "1-0"]
[WhiteElo "2395"]
[BlackElo "2578"]
[TimeControl "180+1"]
[EndTime "9:06:50 PDT"]
[Termination "TomLiu777 won on time"]

1. d4 Nf6 2. c4 g6 3. Nc3 d5 4.
cxd5 Nxd5 5. Nf3 Bg7 6. e3 O-O 7. Be2 c5 8. O-O cxd4 9. exd4 Nxc3 10. bxc3 Qc7 11. Bd2 Be6 12. Rc1 Nc6 13. Be3 Rfd8 14. Qd2 Na5 15. Bf4 Qd7 16. c4 b6 17. d5 Bf5 18.
Ne5 Qa4 19. g4 f6 20. gxf5 fxe5 21. Bh6 Qe8 22. Bxg7 Kxg7 23. Qe3 Kf6 24. f4 exf4 25. Rxf4 g5 26. Qd4+ Kf7 27. Bh5+ Kg8 28. Bxe8 gxf4 29. Kf2 Rxe8 30. Rg1+ 1-0

[Event "Early-Titled-Tuesday-Blitz-May-28-2024"]
[Site "Chess.com"]
[Date "2024.05.28"]
[Round "6"]
[White "ChristianArca"]
[Black "ritanovikova"]
[Result "0-1"]
[WhiteElo "2576"]
[BlackElo "2179"]
[TimeControl "180+1"]
[EndTime "9:06:53 PDT"]
[Termination "ritanovikova won by resignation"]

1. d4 Nf6 2. c4 e6 3. e3 d5 4. Nc3 c6 5. Bd3 Nbd7 6. Nge2 Be7 7. O-O O-O 8. f3 dxc4 9. Bxc4 e5 10. e4 exd4 11. Nxd4 Ne5 12. Bb3 Bc5 13. Be3 Neg4 14.
fxg4 Nxg4 15. Rxf7 Rxf7 16. Qf3 Nxe3 17. Qxf7+ Kh8 18.
Nce2 Bg4 19. Qf2 Bxe2 20. Nxe2 Qg5 21. Kh1 Ng4 22. Qf4 Nf2+ 23. Kg1 Nh3+ 24. Kh1 Nxf4 25. Ng3 h5 26. Bd1 h4 27. Bf3 hxg3 28. h3 Rf8 29.
Rf1 Ne6 30. Rd1 Nd4 31. Bg4 Qf4 0-1

[Event "Early-Titled-Tuesday-Blitz-May-28-2024"]
[Site "Chess.com"]
[Date "2024.05.28"]
[Round "6"]
[White "jumpingknight20"]
[Black "OparinGrigoriy"]
[Result "1-0"]
[WhiteElo "2796"]
[BlackElo "3038"]
[TimeControl "180+1"]
[EndTime "9:06:54 PDT"]
[Termination "jumpingknight20 won by checkmate"]

1. e4 d6 2. d4 Nf6 3. Nc3 e5 4. Nf3 Nbd7 5. Bc4 Be7 6. O-O O-O 7. Re1 c6 8. a4 Qc7 9. h3 h6 10. Be3 Re8 11. a5 Bf8 12. Qd2 Nh5 13. d5 Ndf6 14.
Bb3 cxd5 15. exd5 g5 16. Ba4 Rd8 17. Nb5 Qb8 18. c4 Nf4 19. h4 Nh7 20. hxg5 hxg5 21.
g3 Nh3+ 22. Kg2 g4 23. Ng5 Bf5 24. Nxh7 Bxh7 25. Bc2 f5 26. f3 Rd7 27. fxg4 fxg4 28. Bxh7+ Rxh7 29. Qd3 Qe8 30. Qf5 a6 31. Qxg4+ Rg7 32.
Qxh3 axb5 33. Rh1 Qg6 34. Qh8+ Kf7 35. Raf1+ Ke7 36. Qh4+ Ke8 37. cxb5 Rxa5 38. Rxf8+ Kxf8 39. Qd8+ Kf7 40. Rf1+ Qf5 41. Rxf5+ Kg6 42. Qg5+ Kh7 43. Qh5+ Kg8 44. Qe8+ Kh7 45. Rh5# 1-0

[Event "Early-Titled-Tuesday-Blitz-May-28-2024"]
[Site "Chess.com"]
[Date "2024.05.28"]
[Round "6"]
[White "Iball95"]
[Black "ATM622"]
[Result "1-0"]
[WhiteElo "2838"]
[BlackElo "2572"]
[TimeControl "180+1"]
[EndTime "9:06:55 PDT"]
[Termination "Iball95 won by resignation"]

1. e4 c6 2. d4 d5 3. exd5 cxd5 4. c4 e6 5. Nc3 Nf6 6. c5 Be7 7. Bb5+ Bd7 8. Bxd7+ Nbxd7 9. Bf4 O-O 10. Nge2 Rc8 11. O-O b6 12. b4 bxc5 13. bxc5 Ne4 14. Qa4 Nxc3 15. Nxc3 Nxc5 16. dxc5 Rxc5 17. Ne2 Rc4 18. Qxa7 Bc5 19. Qb7 Qa5 20. Qb3 f6 21. a4 Rb4 22.
Qd1 Rd8 23. Bd2 d4 24. Bxb4 Bxb4 25. Nc1 Bc3 26. Ra2 e5 27. Qb3+ Kh8 28. Rd1 e4 29.
Ne2 Rc8 30. Nxc3 dxc3 31. Rc2 h6 32. Rdc1 Kh7 33. Rxc3 Rd8 34. Qc2 f5 35. Rc5 Qb4 36. Rc4 Qd6 37. g3 Rb8 38. a5 Rb5 39. Rc5 Rb8 40.
Rxf5 Qe6 41. Rf4 Re8 42. Re1 Rc8 43. Qxe4+ 1-0

[Event "Early-Titled-Tuesday-Blitz-May-28-2024"]
[Site "Chess.com"]
[Date "2024.05.28"]
[Round "6"]
[White "djano"]
[Black "guineo59"]
[Result "1-0"]
[WhiteElo "2583"]
[BlackElo "2343"]
[TimeControl "180+1"]
[EndTime "9:06:55 PDT"]
[Termination "djano won on time"]

1. e4 e6 2. b3 d5 3. Bb2 Nf6 4. d3 dxe4 5. Nd2 Nbd7 6. Nxe4 Bb4+ 7. c3 Be7 8. Qf3 O-O 9. d4 c5 10. O-O-O cxd4 11. Rxd4 Qa5 12. Ra4 Qb6 13. Nh3 Ne5 14.
Qg3 Ng6 15. Nhg5 Bd7 16. Rd4 Bc6 17. Bc4 Nxe4 18. Nxe4 Rad8 19. f3 Rxd4 20. cxd4 Rc8 21. Kb1 Bd5 22. Bd3 a5 23. Nc5 Bxc5 24. dxc5 Qxc5 25.
h4 Qf8 26. h5 Ne7 27. h6 g6 28.
Qg5 Nc6 29. a3 e5 30. Bc2 f6 31. Qd2 Qf7 32. Qc3 Rd8 33. Rd1 Rd7 34. Kc1 Be6 35. Rd2 Rxd2 36. Qxd2 Qd7 37. Qe3 Nd4 38. Bd1 Qd5 39. f4 b5 40. fxe5 fxe5 41. Qc3 1-0

[Event "Early-Titled-Tuesday-Blitz-May-28-2024"]
[Site "Chess.com"]
[Date "2024.05.28"]
[Round "6"]
[White "stepanosinovsky"]
[Black "zurzan"]
[Result "0-1"]
[WhiteElo "2348"]
[BlackElo "2150"]
[TimeControl "180+1"]
[EndTime "9:06:55 PDT"]
[Termination "zurzan won on time"]

1. e3 c5 2. g3 g6 3. Bg2 Bg7 4.
h4 d5 5. h5 Nc6 6. c4 e6 7.
cxd5 exd5 8. Nc3 Nge7 9. Nge2 Bg4 10. Qa4 Bxe2 11. Nxe2 Qd6 12. Rb1 a6 13. a3 O-O 14.
hxg6 Nxg6 15. Nf4 b5 16. Qd1 Nxf4 17. gxf4 Qg6 18. Bxd5 Qxb1 19. Bxc6 Rad8 20. Ke2 Qa2 21. Kf3 Qe6 22. Be4 f5 23. Bb1 Rf6 24. b4 c4 25.
d4 Rg6 26. Ke2 Qd5 27. Rh5 Rf8 28. Qc2 Qg2 0-1

[Event "Early-Titled-Tuesday-Blitz-May-28-2024"]
[Site "Chess.com"]
[Date "2024.05.28"]
[Round "6"]
[White "ChessShop"]
[Black "baki83"]
[Result "0-1"]
[WhiteElo "2664"]
[BlackElo "2910"]
[TimeControl "180+1"]
[EndTime "9:06:56 PDT"]
[Termination "baki83 won on time"]

1. d4 d5 2. Nf3 Nf6 3. Bf4 Bf5 4. Nbd2 e6 5. c4 Bd6 6. Bxd6 cxd6 7. e3 O-O 8. cxd5 exd5 9. Be2 Nc6 10. O-O Re8 11. a3 Rc8 12. Rc1 a6 13. Qb3 Qd7 14. Qb6 h6 15.
Rc3 Bg4 16. Bd3 Ne4 17. Rc2 Bf5 18. Ne1 Ne7 19. Bxe4 dxe4 20. Nc4 Rc6 21. Qa5 Rec8 22. b3 Qe6 23. a4 Qd5 24. Qxd5 Nxd5 25. Na3 Nc3 26.
h3 d5 27. g4 Be6 28. Kg2 b5 29. axb5 axb5 30. b4 Ra6 31. Rxc3 Rxc3 32. Nxb5 Rc4 0-1

[Event "Early-Titled-Tuesday-Blitz-May-28-2024"]
[Site "Chess.com"]
[Date "2024.05.28"]
[Round "6"]
[White "sergeikim"]
[Black "TheoSlade"]
[Result "1/2-1/2"]
[WhiteElo "2616"]
[BlackElo "2459"]
[TimeControl "180+1"]
[EndTime "9:06:56 PDT"]
[Termination "Game drawn by repetition"]

1. d4 d5 2. c4 e6 3. Nc3 a6 4.
e3 Nf6 5. Nf3 Be7 6. Bd3 dxc4 7.
Bxc4 c5 8. O-O O-O 9. Qe2 b5 10.
Bb3 Bb7 11. Rd1 Nbd7 12. e4 b4 13. Na4 Nxe4 14. d5 exd5 15. Bxd5 Bxd5 16. Rxd5 Nef6 17. Rd1 Re8 18. Bg5 Qa5 19. Qc2 h6 20. Bh4 Nb6 21.
Nxb6 Qxb6 22. Ne5 Rad8 23. Qc4 Qe6 24. Qxe6 fxe6 25. Nc6 Rc8 26. Ne5 Nd5 27. Bxe7 Rxe7 28. Rac1 a5 29. g3 a4 30. Kg2 Ra7 31. Rc4 a3 32. b3 Nc3 33. Rd2 Kf8 34. Nd7+ Ke7 35.
Ne5 Ke8 36. f4 Raa8 37. Kf3 Rd8 38. Rc2 Rd5 39. Kg4 Rad8 40. Kh5 Rd2 41. R2xc3 bxc3 42. Rxc3 Rxa2 43. Rxc5 Rxh2+ 44. Kg6 a2 45. Ra5 Rd1 46. Ra8+ Ke7 47. Ra7+ Kd8 48. Nc6+ Kc8 49. Ne7+ Kd8 50.
Nc6+ Kc8 51. Ne7+ Kd8 52. Nc6+ 1/2-1/2

[Event "Early-Titled-Tuesday-Blitz-May-28-2024"]
[Site "Chess.com"]
[Date "2024.05.28"]
[Round "6"]
[White "DrCeltic"]
[Black "Redbandit87"]
[Result "1-0"]
[WhiteElo "2583"]
[BlackElo "2409"]
[TimeControl "180+1"]
[EndTime "9:06:56 PDT"]
[Termination "DrCeltic won by resignation"]

1. e4 e5 2. Nf3 Nc6 3. Bb5 Bc5 4. d3 Qf6 5. O-O h6 6. Be3 Bb6 7. Nc3 Nge7 8. a4 a6 9. a5 Bxe3 10. Bxc6 Ba7 11. Ba4 O-O 12. Nd2 d6 13. Qf3 Qg5 14. Nc4 h5 15. Qg3 Qh6 16. h4 Ng6 17. Nd5 Bg4 18.
Nxc7 Nf4 19. Kh1 Rac8 20. Nd5 Nxd5 21. exd5 f5 22. f4 e4 23. Bd7 Rc7 24. Be6+ Kh7 25. Nxd6 Rxc2 26. dxe4 fxe4 27. Nxe4 Bxe6 28. dxe6 Bd4 29.
Ng5+ Kh8 30. e7 Qf6 31. Qd3 g6 32. exf8=Q+ Qxf8 33. Qxc2 1-0

[Event "Early-Titled-Tuesday-Blitz-May-28-2024"]
[Site "Chess.com"]
[Date "2024.05.28"]
[Round "6"]
[White "Aguiar94"]
[Black "eltenedor"]
[Result "0-1"]
[WhiteElo "2688"]
[BlackElo "2188"]
[TimeControl "180+1"]
[EndTime "9:06:57 PDT"]
[Termination "eltenedor won by checkmate"]

1. e4 b6 2. Ne2 Bb7 3. Nbc3 g6 4. d4 Bg7 5. Be3 d6 6. h4 Nf6 7. Ng3 h5 8. f3 c5 9. Bb5+ Bc6 10. dxc5 Bxb5 11.
Nxb5 bxc5 12. c3 Nc6 13. Na3 Ne5 14. O-O O-O 15. Bg5 Nh7 16. Be3 e6 17. Rf2 Qxh4 18. Nf1 Qe7 19. Rd2 Rad8 20. b3 f5 21. exf5 Rxf5 22. c4 Rdf8 23. Rxd6 Nxf3+ 24. gxf3 Bxa1 25. Rd7 Qf6 26. Bh6 Rxf3 27. Bxf8 Qg5+ 28. Kh1 Rf2 29. Rg7+ Bxg7 30. Ng3 Qh4+ 31. Kg1 Qh2# 0-1

[Event "Early-Titled-Tuesday-Blitz-May-28-2024"]
[Site "Chess.com"]
[Date "2024.05.28"]
[Round "6"]
[White "Lennis93"]
[Black "Chopper1905"]
[Result "0-1"]
[WhiteElo "2766"]
[BlackElo "2962"]
[TimeControl "180+1"]
[EndTime "9:06:59 PDT"]
[Termination "Chopper1905 won on time"]

1. d4 Nf6 2. Nf3 e6 3. c4 b6 4. g3 Ba6 5. Qc2 c5 6. d5 exd5 7. cxd5 Bb7 8. Bg5 Bxd5 9. Nc3 Be6 10. e4 Be7 11. e5 Nd5 12. Ne4 O-O 13. a3 Nc6 14. h4 Bg4 15. Bg2 Bxf3 16. Bxf3 Nxe5 17.
Be2 Nc6 18. O-O-O Nd4 19. Rxd4 cxd4 20. Kb1 Rc8 21. Qd3 h6 22. Qxd4 Nf6 23. Bd3 d5 24.
Nc3 Re8 25. Bb5 Bc5 26. Qf4 Re6 27. Bxh6 gxh6 28. Qxh6 Bf8 29. Qg5+ Bg7 30. h5 Ne4 31. Qf5 Rxc3 32. h6 Rxh6 33. Rd1 Rf6 0-1

[Event "Early-Titled-Tuesday-Blitz-May-28-2024"]
[Site "Chess.com"]
[Date "2024.05.28"]
[Round "6"]
[White "Kielinkei"]
[Black "Chernov_Alexander_A"]
[Result "1-0"]
[WhiteElo "2467"]
[BlackElo "2292"]
[TimeControl "180+1"]
[EndTime "9:07:01 PDT"]
[Termination "Kielinkei won on time"]

1. c4 Nf6 2. g3 e5 3. Bg2 c6 4. Nf3 d6 5. O-O Be7 6. Nc3 O-O 7. d3 Re8 8. Rb1 a5 9. a3 Nbd7 10. b4 axb4 11. axb4 d5 12. cxd5 cxd5 13. Qb3 d4 14.
Nd5 Nxd5 15. Qxd5 Nf6 16. Qxe5 Bxb4 17. Qxd4 Qxd4 18. Nxd4 Bc5 19. Nb3 Bb6 20. Nd2 Bd8 21. e3 Bf5 22. Bxb7 Ra2 23. e4 Bh3 24. Re1 Ng4 25.
Rb2 Ra1 26. f3 Ne5 27. Rb3 Ba5 28. Kf2 Ra2 29. Re2 h5 30. Nc4 Nxc4 31. Rxa2 Bb6+ 32. Ke1 Rb8 33. dxc4 Rxb7 34. Rab2 1-0

[Event "Early-Titled-Tuesday-Blitz-May-28-2024"]
[Site "Chess.com"]
[Date "2024.05.28"]
[Round "6"]
[White "Galileo22"]
[Black "David_ATM"]
[Result "1-0"]
[WhiteElo "2623"]
[BlackElo "2447"]
[TimeControl "180+1"]
[EndTime "9:07:05 PDT"]
[Termination "Galileo22 won by resignation"]

1. e4 e5 2. Nf3 Nc6 3. c3 Nf6 4.
Qa4 d6 5. d4 exd4 6. cxd4 Bd7 7.
Nc3 Be7 8. Qc2 O-O 9. Be3 Re8 10.
a3 Bf8 11. Bd3 h6 12. h3 Kh8 13. Rd1 Ne7 14. Bc4 Be6 15. d5 Bd7 16. e5 Nfg8 17.
e6 fxe6 18. dxe6 Bc6 19. Ne5 g6 20. Nf7+ Kh7 21. Nxd8 Raxd8 22. O-O Bg7 23. Bd4 Nf6 24. Rfe1 Nf5 25. Bxf6 Bxf6 26. Bd3 Ne7 27. Ne4 Bg7 28. Nc3 Rf8 29. b4 a6 30. Bf1 Rf4 31. Ne2 Rf6 32.
Nd4 Rdf8 33. Nxc6 bxc6 34. Bxa6 Ra8 35. b5 cxb5 36. Bxb5 Rxa3 37. Qxc7 Bf8 38. Rxd6 Ra2 39. Rd7 Rfxf2 40. Rxe7+ Kg8 41. Bc6 Rac2 42. Rf7 1-0

[Event "Early-Titled-Tuesday-Blitz-May-28-2024"]
[Site "Chess.com"]
[Date "2024.05.28"]
[Round "6"]
[White "chessburger_tv"]
[Black "Mihajlovskij"]
[Result "1-0"]
[WhiteElo "2384"]
[BlackElo "2250"]
[TimeControl "180+1"]
[EndTime "9:07:06 PDT"]
[Termination "chessburger_tv won by checkmate"]

1. d4 Nf6 2. Nc3 d5 3. e4 dxe4 4. f3 exf3 5. Nxf3 g6 6. Bc4 Bg7 7.
O-O O-O 8. Qe1 e6 9. Qh4 Nbd7 10.
Bg5 c5 11. d5 Nb6 12. Ne5 exd5 13. Rxf6 dxc4 14. Rd1 Qc7 15. Rdd6 Bf5 16. Nb5 Qb8 17. Bh6 Nc8 18. Bxg7 Kxg7 19. Nxf7 Nxd6 20. Nbxd6 Qxd6 21. Rxd6 Rxf7 22. Qxc4 b6 23. Qc3+ Kg8 24. Rf6 Re7 25. h3 Rae8 26. Qg3 Bxc2 27. b4 cxb4 28. h4 a5 29. h5 Re6 30. Rxe6 Rxe6 31. h6 Bf5 32. Qc7 a4 33. Qg7# 1-0

[Event "Early-Titled-Tuesday-Blitz-May-28-2024"]
[Site "Chess.com"]
[Date "2024.05.28"]
[Round "6"]
[White "jk13"]
[Black "Kirill_Klukin"]
[Result "1-0"]
[WhiteElo "2669"]
[BlackElo "2873"]
[TimeControl "180+1"]
[EndTime "9:07:07 PDT"]
[Termination "jk13 won on time"]

1. e4 c5 2. c3 g6 3. d4 cxd4 4.
cxd4 d5 5. e5 Bg7 6. Nc3 a6 7. h3 Nc6 8. Be3 f6 9. f4 Nh6 10. g4 O-O 11. Bg2 fxe5 12. fxe5 e6 13. Nf3 Nf7 14. O-O Bd7 15. Qd2 Rc8 16. Rac1 Qe7 17.
a3 b5 18. b4 Nb8 19. Rc2 Rc4 20. Rfc1 Rfc8 21. Qe1 Nc6 22. Bf1 Qd8 23. Qd2 Ne7 24.
Bxc4 dxc4 25. Ng5 Nxg5 26. Bxg5 Bc6 27. Rf1 Qd7 28. Bf6 Rd8 29. Kh2 Ba8 30. Bxg7 Kxg7 31.
Qg5 Ng8 32. d5 Bxd5 33. Rcf2 h6 34. Rf7+ 1-0

[Event "Early-Titled-Tuesday-Blitz-May-28-2024"]
[Site "Chess.com"]
[Date "2024.05.28"]
[Round "6"]
[White "lluiss"]
[Black "jup1978"]
[Result "0-1"]
[WhiteElo "2174"]
[BlackElo "2419"]
[TimeControl "180+1"]
[EndTime "9:07:07 PDT"]
[Termination "jup1978 won on time"]

1. Nf3 d5 2. d4 e6 3. c4 Nf6 4. cxd5 exd5 5. Nc3 a6 6. Bg5 Be6 7. e3 Nbd7 8. Bd3 Bd6 9. O-O h6 10. Bh4 O-O 11. Bg3 Bxg3 12. hxg3 c5 13. dxc5 Nxc5 14. Nd4 Re8 15. Be2 Rc8 16. Bf3 Qd7 17. Qd2 Bg4 18. Bxg4 Qxg4 19. Qe2 Qg6 20. Qf3 Nce4 21. Nxe4 dxe4 22.
Qf5 Qxf5 23. Nxf5 Rc2 24. Rab1 Ng4 25. Nd4 Rd2 26. b3 Rc8 27. a4 h5 28. Rbd1 Ra2 29.
Ra1 Rb2 30. Rab1 Ra2 31. Ra1 Rxa1 32. Rxa1 g6 33. Kf1 Rc3 34. Ke2 Kf8 35. Ra2 Ke7 36. Rc2 Rxc2+ 37. Nxc2 Ne5 38. f3 Nd3 39. Nd4 Nc5 40.
Kd2 Kd6 41. Kc3 Kd5 42. a5 Nd3 43. Kd2 Ne5 44. b4 Nd3 45. b5 Nc5 46. bxa6 bxa6 47. f4 Kc4 48. Ke2 Nb3 49. Nc6 Kc5 50. Ne5 Nxa5 51. Nxf7 Nc6 52. Ne5 Nxe5 0-1

[Event "Early-Titled-Tuesday-Blitz-May-28-2024"]
[Site "Chess.com"]
[Date "2024.05.28"]
[Round "6"]
[White "chrisclaireredfield"]
[Black "stollenmonster"]
[Result "0-1"]
[WhiteElo "2554"]
[BlackElo "2873"]
[TimeControl "180+1"]
[EndTime "9:07:08 PDT"]
[Termination "stollenmonster won on time"]

1. Nf3 Nf6 2. g3 e6 3. Bg2 d5 4. O-O Be7 5. d4 O-O 6. c4 Ne4 7. Qc2 f5 8. Nbd2 c6 9. Ne5 Bd7 10. Ndf3 Be8 11. Nd3 Nd7 12. b4 g5 13. a4 Rc8 14. c5 h6 15. Rb1 Bf6 16. Nfe5 Bg7 17. f3 Nef6 18. Qb3 Nxe5 19. dxe5 Nd7 20. Bb2 f4 21. e3 fxe3 22. Rbe1 Qe7 23. Rxe3 Bg6 24. Rfe1 b6 25. Bd4 Rb8 26. Qc3 Rfc8 27. a5 bxa5 28. bxa5 Rb5 29. Bf1 Rcb8 30. Rc1 Rb3 31. Qa1 Qd8 32. f4 Bf5 33. Nf2 gxf4 34. gxf4 Qe8 35. Rg3 h5 36. Rg5 Kh7 37. Qa4 R8b4 38. Qa1 Bh6 39.
h4 Bxg5 40. hxg5 Nf8 41. Kh2 Ng6 42. Nh3 Qf7 0-1

[Event "Early-Titled-Tuesday-Blitz-May-28-2024"]
[Site "Chess.com"]
[Date "2024.05.28"]
[Round "6"]
[White "martinmena"]
[Black "IMRosen"]
[Result "0-1"]
[WhiteElo "2143"]
[BlackElo "2730"]
[TimeControl "180+1"]
[EndTime "9:07:08 PDT"]
[Termination "IMRosen won by resignation"]

1. c4 e5 2. Nc3 Nc6 3. g3 f5 4. Bg2 Nf6 5. e3 d5 6. cxd5 Nb4 7. d4 e4 8. Bf1 Nbxd5 9. Bc4 c6 10. Nge2 Be6 11.
Nxd5 cxd5 12. Bb5+ Kf7 13. O-O a6 14. Ba4 g5 15. f3 Kg6 16. fxe4 fxe4 17. Bc2 Bd6 18.
a4 Rc8 19. b3 Qe7 20. Ra2 Bg4 21. Qe1 Kg7 22. Nc3 Qe6 23. Ba3 Bb8 24. Bd1 Bh3 25. Rff2 h5 26. Be2 Rc6 27. Bf1 h4 28. Rac2 hxg3 29.
hxg3 Bxg3 30. Qe2 Bxf2+ 31. Qxf2 Qg4+ 32. Bg2 Rhc8 33. Kh2 Bxg2 34. Qxg2 Qh4+ 35. Kg1 Rxc3 36. Rxc3 Rxc3 0-1

[Event "Early-Titled-Tuesday-Blitz-May-28-2024"]
[Site "Chess.com"]
[Date "2024.05.28"]
[Round "6"]
[White "DonJuanEGenaro"]
[Black "janhelmer03"]
[Result "1-0"]
[WhiteElo "2025"]
[BlackElo "2393"]
[TimeControl "180+1"]
[EndTime "9:07:09 PDT"]
[Termination "DonJuanEGenaro won on time"]

1. d4 d5 2. Nf3 Nf6 3. g3 c6 4. Bg2 Bf5 5. c4 e6 6. Nc3 Nbd7 7. cxd5 exd5 8. O-O h6 9. Bf4 Be7 10. Ne5 O-O 11.
Qb3 Qb6 12. Rfd1 Qxb3 13. axb3 Nxe5 14. dxe5 Nd7 15. e4 dxe4 16. Bxe4 Be6 17. h4 Nc5 18.
Bc2 Rfd8 19. Rxd8+ Bxd8 20. b4 Nd7 21. Ne4 Be7 22. Nd6 g5 23. hxg5 hxg5 24. Be3 b6 25. f4 Bxd6 26. exd6 gxf4 27. gxf4 Bd5 28. Kf2 Kg7 29.
Bd4+ f6 30. Bf5 Nf8 31. Re1 Ng6 32. Rg1 Bf7 33. Bxg6 Bxg6 34. f5 Rd8 35. Rxg6+ Kf7 36. Rxf6+ Ke8 37. Be5 1-0

[Event "Early-Titled-Tuesday-Blitz-May-28-2024"]
[Site "Chess.com"]
[Date "2024.05.28"]
[Round "6"]
[White "mbojan"]
[Black "GianmarcoVaR"]
[Result "1-0"]
[WhiteElo "2912"]
[BlackElo "2724"]
[TimeControl "180+1"]
[EndTime "9:07:10 PDT"]
[Termination "mbojan won by checkmate"]

1. Nf3 Nf6 2. g3 g6 3. Bg2 Bg7 4. O-O O-O 5. d4 d6 6. c4 Nbd7 7. Nc3 e5 8. e4 exd4 9. Nxd4 Re8 10. Re1 Nc5 11. h3 h6 12. b3 Nfd7 13. Be3 Ne5 14. Qc2 h5 15. Rad1 Bd7 16. Nd5 Ne6 17.
f4 Nc6 18. Nf3 Nc5 19. Bxc5 dxc5 20. e5 Qc8 21. Kh2 Bf5 22. Qf2 Nb4 23. Qxc5 Bf8 24. Qf2 Kh8 25. Re2 c6 26. Nf6 Rd8 27. Red2 Qc7 28.
g4 Bc2 29. gxh5 Bxd1 30. hxg6 Bh6 31. Qh4 Kg7 32. Nh5+ Kh8 33. g7+ Kg8 34. Qg4 Rxd2 35. Nf6# 1-0

[Event "Early-Titled-Tuesday-Blitz-May-28-2024"]
[Site "Chess.com"]
[Date "2024.05.28"]
[Round "6"]
[White "Herzog2012"]
[Black "ViktoriyaTarasova"]
[Result "0-1"]
[WhiteElo "2578"]
[BlackElo "2378"]
[TimeControl "180+1"]
[EndTime "9:07:10 PDT"]
[Termination "ViktoriyaTarasova won by checkmate"]

1. e4 e5 2. Nc3 Nf6 3. g3 Bc5 4. Bg2 Nc6 5. Nge2 O-O 6. O-O a6 7. h3 d6 8. Kh2 b5 9. f4 b4 10.
Nd5 Nxd5 11. exd5 Nd4 12. fxe5 dxe5 13. Nxd4 Bxd4 14. c3 Bc5 15. Qb3 Rb8 16. Qc4 Bd6 17. d4 exd4 18. Qxd4 bxc3 19. bxc3 Qe7 20. Bf4 Bxf4 21.
Qxf4 Qc5 22. Qd4 Qd6 23. c4 Bd7 24. c5 Qh6 25. c6 Bc8 26. Qa7 Bg4 27. Qxc7 Rb2 28. h4 Qd2 29. Rg1 Qxd5 30. Qf4 Bf3 31.
Kh3 Bxg2+ 32. Kg4 Be4 33. Kh3 Bg2+ 34. Kg4 h5# 0-1